 Dungeon Crawl Stone Soup version 0.30.1-11-g7821555f0a (webtiles) character file.

Game seed: 12055618805224073916

98 KittyFluff the Cudgeller (level 4, 0/43 HPs)
             Began as a Gargoyle Berserker on Nov 1, 2023.
             Was a Believer of Trog.
             Slain by Sigmund
             ... wielding a +3 scythe of freezing
              (3 damage)
             ... on level 3 of the Dungeon.
             The game lasted 00:08:46 (2512 turns).

KittyFluff the Cudgeller (Gargoyle Berserker)       Turns: 2512, Time: 00:08:47

Health: 0/43       AC:  8    Str: 22    XL:     4   Next: 71%
Magic:  4/4        EV: 12    Int:  8    God:    Trog [**....]
Gold:   173        SH:  0    Dex:  9    Spells: 3/3 levels left

rFire   . . .        a - +0 mace
rCold   . . .        (no shield)
rNeg    + . .        b - +1 animal skin
rPois   ∞            p - +0 helmet
rElec   +            (no cloak)
rCorr   .            (no gloves)
SInv    +            (no boots)
Will    .....        (no amulet) Stlth
                     i - ring of see invisible
HPRegen 0.27/turn    (no ring)
MPRegen 0.09/turn

%: no passive effects
@: berserking, very quick
A: sickness immunity, AC +3, negative energy resistance 1, electricity
resistance, torment resistance 1, petrification resistance
a: Renounce Religion, Berserk, Trog's Hand


You were on level 3 of the Dungeon.
You worshipped Trog.
Trog was pleased with you.
You visited 1 branch of the dungeon, and saw 3 of its levels.

You collected 173 gold pieces.

Inventory:

Hand Weapons
 a - a +0 mace (weapon)
Missiles
 n - 16 poisoned darts (quivered)
Armour
 b - a +1 animal skin (worn)
 p - a +0 helmet (worn)
Jewellery
 i - a ring of see invisible (left hand)
Scrolls
 c - a scroll of teleportation {unknown}
 h - 3 scrolls of amnesia {unknown}
 j - 4 scrolls of enchant armour
 k - a scroll of blinking {unknown}
 l - 2 scrolls of fear {unknown}
 q - a scroll of fog {unknown}
Potions
 d - a potion of brilliance {unknown}
 e - a potion of might {unknown}
 f - a potion of mutation {unknown}
 g - a potion of invisibility {unknown}
 m - a potion of lignification {unknown}
 o - a potion of haste {unknown}


   Skills:
 + Level 3.8 Fighting
 * Level 3.8 Maces & Flails
 * Level 3.4 Armour
 + Level 2.2 Dodging


You had 3 spell levels left.
You didn't know any spells.
Your spell library was empty.

Dungeon Overview and Level Annotations

Branches:
Dungeon (3/15)

Altars:
Yredelemnul

Annotations:
D:3 Sigmund


Innate Abilities, Weirdness & Mutations

You are immune to sickness and miasma.
Your stone body is resilient. (AC +3)
You are immune to poison.
You resist negative energy. (rN+)
You are resistant to electric shocks. (rElec)
You are resistant to unholy torment.
You are immune to petrification.


Message History

You closely miss the kobold. The kobold closely misses you.
You hit the kobold but do no damage. The kobold hits you with a +0 whip.
Sigmund hits you but does no damage.
You closely miss the kobold. The kobold hits you but does no damage.
Sigmund closely misses you.
You closely miss the kobold. The kobold barely misses you.
Sigmund closely misses you. The kobold closely misses you.
You barely miss the kobold. The kobold completely misses you.
You sock the kobold!
You kill the kobold!
Trog accepts your kill.
Sigmund hits you from afar with a +3 scythe of freezing!
Sigmund freezes you.
Unknown command.
A red film seems to cover your vision as you go berserk!
You feel yourself moving faster!
You feel mighty!
Sigmund hits you from afar with a +3 scythe of freezing!
* * * LOW HITPOINT WARNING * * *
Sigmund freezes you.
* * * LOW HITPOINT WARNING * * *
You feel a strong urge to attack something.
Things that are here:
a +0 whip; 3 stones You sock Sigmund!
Sigmund is moderately wounded.
Sigmund hits you but does no damage.
You closely miss Sigmund.
Sigmund is moderately wounded.
You closely miss Sigmund.
Sigmund is moderately wounded.
Sigmund hits you with a +3 scythe of freezing!
* * * LOW HITPOINT WARNING * * *
Sigmund freezes you.
* * * LOW HITPOINT WARNING * * *
You hit Sigmund.
Sigmund is heavily wounded.
You thump Sigmund!
Sigmund is almost dead.
Sigmund hits you with a +3 scythe of freezing.
You die...

#### #.........#
......
.....#.........#
......
.....#.........#
######
..........#+####
..........#
..........#.###
......#b.......
#####.#@#...###
# #@##### #.#
#.# #.# #.# #.#
#.# #.# #.#


You could see Sigmund (invisible) and a bat.

Vanquished Creatures
  A hound zombie (D:3)
  An adder (D:3)
  An adder zombie (D:3)
  A worm (D:2)
  2 dart slugs (D:2)
  An orc (D:3)
  6 ball pythons
  10 endoplasms
  2 giant cockroaches
  3 goblins
  5 hobgoblins
  3 quokkas
  11 bats
  2 frilled lizards (D:1)
  8 kobolds
  3 rats
60 creatures vanquished.

Notes
Turn   | Place    | Note
-------+----------+-------------------------------------------
     0 | D:1      | KittyFluff the Gargoyle Berserker began the quest for the
                  | Orb.
     0 | D:1      | Reached XP level 1. HP: 14/14 MP: 1/1
   147 | D:1      | Reached XP level 2. HP: 15/19 MP: 2/2
   177 | D:1      | Found a faded altar of an unknown god.
   622 | D:1      | Reached XP level 3. HP: 22/23 MP: 3/3
   701 | D:1      | Reached ** piety under Trog
  1606 | D:2      | Reached XP level 4. HP: 19/28 MP: 4/4
  2272 | D:3      | Found a basalt altar of Yredelemnul.
  2492 | D:3      | Noticed Sigmund
  2512 | D:3      | Slain by Sigmund

Illustrated notes

Levels and vault maps discovered:
D:1:      dpeg_arrival_round_b, layout_rooms, serial_curves, eino_curves_03,
          eino_curves_01, eino_curves_04, eino_curves_01,
          hellmonk_ecumenical_altar_crossroads, st_stairs_11,
          minmay_crystal_water
D:2:      layout_basic, minmay_pentomino_s4
D:3:      layout_basic, lemuel_zombie_altar_yredelemnul,
          kennysheep_generic_room_12, uniq_sigmund

Skill      XL: |  1  2  3 |
---------------+----------+-----
Dodging        | 2 |  2.2
Armour         | 3 |  3.4
Fighting       | |  3.8
Maces & Flails | |  3.8

Action                     |  1- 3 |  4- 6 || total
---------------------------+-------+-------++-------
  Melee: Mace              |   130 |    65 ||   195
         Punch             |     1 |       ||     1
 Invoke: Berserk           |       |     1 ||     1
    Use: Scroll            |     1 |       ||     1
 Armour: Animal skin       |    62 |    27 ||    89
  Dodge: Dodged            |   115 |    41 ||   156
